Map: Dusk Towers

Players

OvermindMK

  • Race: Zerg Zerg
  • League: Master

Miszu - Winner!

  • Race: Terran Terran
  • League: Master

VOD

Have the link to the VOD?

Description

Time

  • Played on: March 12, 2016, 3:57 p.m.
  • Length: 9:17
Show
View Real Time Build Order
Export as new Build Order

OvermindMK Zerg 

Build Orders: Hatch First 

Get SALT Encoding   

  12  0:01  Drone  
  13  0:07  Drone  
  14  0:19  Overlord  
  14  0:29  Extractor x2, Drone x2  
  16  0:37  Drone  
  17  0:57  Hatchery  
  16  1:11  Spawning Pool  
  16  1:12  Drone  
  16  1:16  Drone  
  17  1:25  Drone  
  18  1:59  Zergling x6  
  21  2:04  Extractor, Queen  
  23  2:09  Overlord  
  23  2:17  Zergling x2  
  23  2:19  Queen  
  26  2:23  Drone  
  26  2:25  Drone  
  26  2:26  Extractor  
  27  2:32  Drone x2  
  29  2:43  Drone x2  
  31  2:54  Drone  
  31  2:56  Drone  
  33  3:06  Overlord  
  33  3:08  Drone  
  34  3:14  Drone x2  
  36  3:25  Hatchery  
  36  3:26  Drone x3  
  38  3:28  Overlord  
  38  3:33  Metabolic Boost  
  38  3:36  Drone x2  
  38  3:39  Drone  
  41  3:42  Drone x2  
  41  3:47  Overlord  
  43  3:49  Extractor  
  43  3:50  Drone  
  43  3:51  Drone  
  44  3:59  Drone x3  
  44  4:00  Drone  
  48  4:09  Overlord, Extractor  
  47  4:13  Pneumatized Carapace  
  47  4:18  Drone x3  
  47  4:19  Drone  
  47  4:20  Extractor  
  47  4:23  Zergling x6  
  53  4:26  Drone, Spore Crawler  
  53  4:28  Drone  
  53  4:29  Spore Crawler  
  53  4:34  Lair  
  53  4:36  Drone  
  53  4:38  Drone  
  55  4:48  Queen  
  55  4:51  Zergling x8  
  61  5:00  Drone x2  
  61  5:02  Drone  
  61  5:03  Drone, Evolution Chamber x2  
  63  5:08  Drone x2  
  63  5:10  Drone x2  
  66  5:15  Zergling x4  
  66  5:22  Drone x2  
  66  5:30  Drone x2  
  66  5:32  Spore Crawler  
  67  5:45  Spore Crawler  
  67  5:48  Drone x3  
  69  5:50  Spire  
  69  5:51  Zerg Melee Weapons Level 1, Zerg Ground Armor Level 1  
  69  5:52  Drone  
  69  5:59  Drone x2  
  69  6:00  Drone x2  
  69  6:03  Drone  
  74  6:06  Overlord  
  74  6:08  Overlord  
  66  6:26  Drone x6  
  66  6:27  Drone  
  66  6:29  Drone x4  
  66  6:30  Extractor x2  
  66  6:32  Spore Crawler  
  73  6:33  Drone x3  
  73  6:38  Drone x2  
  79  6:44  Overlord  
  79  6:45  Overlord  
  77  6:56  Drone x2  
  78  7:03  Mutalisk  
  78  7:04  Mutalisk x8  
  96  7:12  Mutalisk x2  
  99  7:21  Baneling Nest  
  98  7:27  Hatchery  
  98  7:28  Zergling x8  
  98  7:29  Zergling x4  
  103  7:32  Hatchery  
  103  7:35  Zergling x4  
  103  7:36  Zergling x4  
  106  7:39  Overlord x2  
  105  7:50  Zergling x2  
  106  7:52  Overlord x2  
  106  7:54  Overlord  
  99  8:14  Mutalisk x3  
  99  8:18  Zergling x22  
  105  8:38  Baneling x2  
  105  8:39  Baneling x6  
  105  8:44  Zergling x2  
  105  8:45  Zergling x14  
Show
View Real Time Build Order
Export as new Build Order

Miszu Terran - Winner!

Build Orders: Command Center First (CC), MMM Bio, Banshee Rush 

Get SALT Encoding   

  12  0:01  SCV  
  13  0:13  SCV  
  14  0:19  Supply Depot  
  14  0:25  SCV  
  15  0:40  SCV  
  16  0:52  SCV  
  17  1:04  SCV  
  17  1:06  Command Center  
  18  1:17  SCV  
  19  1:20  Barracks  
  19  1:21  Refinery  
  19  1:29  SCV  
  20  1:41  SCV  
  21  1:53  SCV  
  22  1:57  Refinery  
  22  2:07  Orbital Command  
  22  2:08  Marine  
  22  2:12  Supply Depot  
  23  2:18  Orbital Command  
  23  2:25  Factory  
  23  2:33  SCV  
  23  2:36  Marine  
  25  2:43  SCV  
  26  2:45  SCV  
  27  2:56  Marine, SCV  
  27  2:57  SCV  
  30  3:08  SCV  
  30  3:09  Starport, Factory Tech Lab, SCV  
  32  3:15  Marine  
  33  3:20  SCV  
  33  3:21  SCV  
  33  3:26  Command Center  
  35  3:32  SCV  
  35  3:34  SCV  
  37  3:35  Supply Depot, Factory Tech Lab  
  37  3:37  Marine  
  38  3:44  SCV  
  38  3:46  SCV  
  40  3:52  Cloaking Field, Banshee  
  43  3:56  SCV  
  43  3:58  Supply Depot, SCV  
  45  4:05  Barracks  
  45  4:07  Barracks  
  45  4:08  SCV  
  46  4:10  SCV  
  46  4:13  Barracks Tech Lab  
  46  4:16  Refinery  
  46  4:17  Refinery  
  47  4:20  SCV  
  47  4:22  SCV  
  49  4:32  SCV  
  49  4:34  SCV  
  49  4:35  Banshee  
  54  4:38  Orbital Command  
  54  4:41  Siege Tank  
  54  4:44  SCV  
  58  4:46  SCV  
  58  4:47  Engineering Bay  
  58  4:50  Engineering Bay  
  59  4:53  Barracks Tech Lab  
  59  4:54  Barracks Reactor  
  59  4:57  SCV, Stimpack  
  59  4:59  SCV, Orbital Command  
  61  5:07  Marine  
  61  5:09  SCV  
  63  5:17  Marine  
  64  5:23  SCV  
  64  5:24  SCV  
  64  5:25  Terran Infantry Weapons Level 1, Terran Infantry Armor Level 1, Marine  
  67  5:30  Siege Tank  
  67  5:35  Starport Reactor, Barracks  
  70  5:36  Barracks, SCV x2  
  72  5:48  SCV x2  
  74  5:54  Combat Shields  
  74  5:57  Marine x3  
  74  5:58  Orbital Command  
  77  6:05  Armory  
  77  6:11  Supply Depot  
  77  6:12  Supply Depot  
  77  6:13  Marine, Medivac, Siege Tank, SCV x2  
  77  6:14  Supply Depot x2  
  77  6:18  Supply Depot  
  85  6:33  Marine x5, Medivac, SCV x3  
  85  6:34  Barracks Reactor  
  95  6:43  Medivac  
  95  6:45  Supply Depot, Widow Mine, SCV x3  
  102  6:50  Marine x2  
  102  6:51  Marine x2  
  102  6:53  Supply Depot x2  
  106  6:57  SCV x3  
  106  6:58  Terran Vehicle Weapons Level 1  
  106  6:59  Marine  
  107  7:03  Medivac  
  107  7:06  Missile Turret  
  109  7:09  SCV x2  
  109  7:10  Missile Turret  
  109  7:11  Missile Turret  
  109  7:12  Refinery  
  109  7:13  Thor  
  116  7:22  Marine  
  116  7:23  Marine x2, Marauder  
  116  7:28  Supply Depot  
  116  7:29  SCV x2  
  123  7:31  Supply Depot  
  123  7:40  Refinery  
  123  7:46  Marine x6, Marauder  
  131  7:52  Supply Depot  
  131  7:54  Supply Depot  
  131  7:56  Medivac, Widow Mine  
  135  8:03  Marine  
  135  8:04  Marine x2  
  135  8:05  Marauder x2  
  136  8:10  Marine  
  136  8:11  Marauder  
  132  8:21  Marine x2  
  132  8:22  Marine  
  132  8:24  Widow Mine  
  132  8:26  Marine x2, Medivac  
  132  8:27  Medivac  
  143  8:28  Marine  
  143  8:31  Marine  
  145  8:39  Marine x3  
  148  8:43  Marine  
  148  8:44  Marauder  
  148  8:46  Marine  
  152  8:49  Marine  
  144  8:57  Marine x3  
  142  9:15  Command Center  
  144  9:17  Barracks  
Tags
 
Add a new tag
Caveats
  • Supply blocks, unpowered buildings, or Contaminate may cause inaccurate times.
  • Supply counts are checked every 10 seconds.